AoeStats
← 长乐冠希

Nomad

510266181Analyzed
4v4 RM · 2d ago on Sep 30, 2026· 36m 32s· 8 players
Game mode
Random Map
Map size
231×231
Population
200
Speed
Normal
Resources
Standard
Victory
Conquest
Starting age
Dark Age
Ending age
Imperial Age
RankedLock teamsTeams togetherTeam positionsShared explorationLock speedFull tech treeHidden civsTurbo modeCheats
Victory
Defeat
🇲🇽 Persians · Mexico
1700
+11
🇲🇽 Tupi · Mexico
1669
+13
🇲🇽 Italians · Mexico
1642
+14
🇸🇰 Wu · Slovakia
1553
+17
🇨🇳 Japanese · China
1629
-15
🇷🇺 Wei · Russia
1606
-14
🇭🇰 Vietnamese · Hong Kong SAR China
1562
-13
🇨🇳 Persians · China
1561
-13
长乐冠希
13:03 Feudal Age
11:20 Loom
16:40 Castle Age
16:54 Double-Bit Axe
17:40 Fletching
18:01 Bow Saw
24:32 Fishing Lines
25:49 Bodkin Arrow
投掷哥布林
3:28 Loom
4:42 Loom
12:51 Feudal Age
14:10 Town Watch
17:31 Castle Age
17:08 Double-Bit Axe
20:36 Wheelbarrow
28:01 Fletching
JieX
12:58 Feudal Age
13:32 Double-Bit Axe
17:19 Castle Age
15:22 Loom
16:02 Bloodlines
17:18 Scale Barding Armor
24:33 Horse Collar
29:14 Heavy Plow
32:06 Husbandry
33:30 Forging
33:47 Chain Barding Armor
35:03 Double-Bit Axe
雨浩
5:12 Loom
13:09 Feudal Age
18:25 Castle Age
18:52 Double-Bit Axe
26:45 Town Watch
36:18 Fletching
Chimirindo
4:46 Loom
11:31 Feudal Age
12:35 Double-Bit Axe
14:25 Town Watch
17:48 Castle Age
16:28 Fishing Lines
18:35 Bow Saw
18:58 Medium Warships
18:59 Gillnets
21:26 Wheelbarrow
21:32 Pikeman
36:48 Scale Mail Armor
Echidna
4:44 Loom
14:23 Feudal Age
18:43 Castle Age
17:18 Double-Bit Axe
17:15 Horse Collar
17:49 Horse Collar
18:25 Town Watch
19:57 Bow Saw
19:54 Fletching
22:42 Pikeman
27:41 Wheelbarrow
27:05 Fishing Lines
27:47 Gold Mining
27:56 Horse Collar
28:24 Bodkin Arrow
31:36 Padded Archer Armor
38:31 Imperial Age
37:01 Leather Archer Armor
37:10 Ballistics
Rado the Yellow
7:25 Loom
13:11 Feudal Age
17:01 Castle Age
14:50 Double-Bit Axe
15:57 Stone Mining
18:32 Bow Saw
19:01 Wheelbarrow
20:18 Fletching
22:14 Bodkin Arrow
31:02 Horse Collar
37:09 Imperial Age
Ux'Uzzi
4:51 Loom
11:55 Feudal Age
12:35 Double-Bit Axe
12:41 Town Watch
16:58 Fletching
23:25 Castle Age
22:11 Gold Mining
24:38 Fishing Lines
25:53 Gillnets
32:34 Imperial Age
31:22 Bodkin Arrow
32:41 Bow Saw
32:59 Elite Blackwood Archer
33:47 Bracer
34:38 Padded Archer Armor
35:38 Ballistics
Connection lost

Rejoining the realm…

Still unreachable

The connection could not be restored.

Session expired

The server has moved on; the page needs a fresh start.